 Dungeon Sprint DCSS version 0.29.1-2-gbd0b4ee654 (webtiles) character file.

Game seed: 1001031014876304712

4151 boopmooplesden the Severer (level 10, -33/106 HPs)
             Began as a Minotaur Berserker on Nov 26, 2022.
             Was a High Priest of Trog.
             Killed from afar by a deep elf zephyrmancer (37 damage)
             ... with a bolt of lightning
             ... in the Dungeon (Sprint VII: "The Pits").
             The game lasted 00:04:35 (1736 turns).

boopmooplesden the Severer (Minotaur Berserker)     Turns: 1736, Time: 00:04:36

Health: -33/106    AC: 20    Str: 24    XL:     10   Next: 7%
Magic:  2/2        EV: 11    Int:  3    God:    Trog [*****.]
Gold:   0          SH:  0    Dex: 15    Spells: 9/9 levels left

rFire   + . .      SeeInvis .   n - +4 glaive (antimagic)
rCold   . . .      Faith    .   (shield currently unavailable)
rNeg    . . .      Spirit   .   m - +2 plate armour
rPois   .          Reflect  .   (helmet restricted)
rElec   .          Harm     .   s - +0 cloak
rCorr   .          Rampage  .   t - +0 pair of gloves
Will    ++...      NoTele   +   (no boots)
Stlth   ..........              (no amulet)
HPRegen 1.27/turn               (no ring)
MPRegen 0.08/turn               (no ring)

@: strong-willed, on berserk cooldown, regenerating, slowed, very slow
A: horns 2, retaliatory headbutt, agile 1, fire resistance 1, low MP 1
a: Renounce Religion, Berserk, Trog's Hand, Brothers in Arms


You were in the Dungeon.
You worshipped Trog.
Trog was extremely pleased with you.
You visited 1 branch

Inventory:

Hand Weapons
 a - a +0 hand axe
 i - a +2 hand axe
 l - a +1 vorpal hand axe
 n - a +4 antimagic glaive (weapon)
 r - a +2 war axe of freezing
Armour
 b - a +0 animal skin
 m - a +2 plate armour (worn)
 s - a +0 cloak (worn)
 t - a +0 pair of gloves (worn)
 u - a +4 chain mail of cold resistance
Jewellery
 p - a +3 ring of intelligence
 q - a +3 ring of intelligence
Wands
 o - a wand of roots (4)
Scrolls
 h - a scroll of blinking
 k - a scroll of summoning
Potions
 c - 7 potions of curing
 d - 13 potions of heal wounds
 e - a potion of haste
 f - 4 potions of magic
 g - 3 potions of berserk rage
 j - 2 potions of invisibility


   Skills:
 + Level 15.5 Fighting
 + Level 15.5(16.6) Axes
 + Level 10.1(14.0) Polearms
 + Level 12.6 Armour
 + Level 8.9 Dodging
 + Level 0.5 Stealth


You had 9 spell levels left.
You didn't know any spells.
Your spell library was empty.

Dungeon Overview and Level Annotations

Branches:
Dungeon (1/1)

Altars:
Cheibriados
Dithmenos
Elyvilon
Fedhas
Gozag
Hepliaklqana
Makhleb
Nemelex Xobeh
Okawaru
Qazlal
Ru
Sif Muna
Trog
Wu Jian
Xom
Yredelemnul
Zin
The Shining One
Jiyva


Innate Abilities, Weirdness & Mutations

You have a pair of horns on your head.
You reflexively headbutt those who attack you in melee.
You are agile. (Dex +4, Str/Int -1)
Your flesh is heat resistant. (rF+)
Your magical capacity is low. (-10% MP)


Message History

You slice the elephant!! You headbutt the elephant.
The elephant is heavily wounded.
The elephant tramples you.
* * * LOW HITPOINT WARNING * * *
You hold your ground!
The elephant trunk-slaps you but does no damage.
The elephant tramples you.
* * * LOW HITPOINT WARNING * * *
You hold your ground!
The elephant closely misses you.
You slash the elephant!
The elephant is almost dead.
The elephant tramples you but does no damage.
The elephant trunk-slaps you but does no damage.
You hit the elephant but do no damage.
You headbutt the elephant, but do no damage.
The elephant is almost dead.
The elephant barely misses you. You furiously retaliate!
You headbutt the elephant!
You kill the elephant!
Trog accepts your kill.
Your base Polearms skill increases to level 10!
You have reached level 10!
Your skin crawls.
You feel strong-willed.
You hit the deep elf zephyrmancer but do no damage.
The deep elf zephyrmancer hits you but does no damage.
The deep elf zephyrmancer barely misses you.
You furiously retaliate!
You headbutt the deep elf zephyrmancer!
You barely miss the deep elf zephyrmancer.
The deep elf zephyrmancer is moderately wounded.
The deep elf zephyrmancer gestures at you while chanting.
The bolt of lightning hits you!!
* * * LOW HITPOINT WARNING * * *
You slice the deep elf zephyrmancer!!
The deep elf zephyrmancer's magic leaks into the air.
The deep elf zephyrmancer is almost dead.
The deep elf zephyrmancer falters for a moment.
The deep elf zephyrmancer gestures at you while chanting.
The bolt of lightning hits you!!!
You die...

'#####......#..#.÷....#
)#.[##................#
.#))#####'#####÷)######
##))##.......##÷'#####
.#).##.......##......+ +
.#..##.......##......+ .+
.#'###...<...##.....##..#
....##.......##...###....
....##.......##.@##......
######.......##'e#...#..#
.#..###########...)......
.#.############++#.†.#..#
.#)#....#..[.# #......
##)#....#....# ##....
.#)'....'..))# ..#
.#'#....#!..)# .+
.'.#....#.!))# +


You could see a deep elf zephyrmancer (magic disrupted).

Vanquished Creatures
  A bog body (D)
  4 elephants (D)
  A gargoyle (D)
  3 blink frogs (D)
  A tyrant leech (D)
  A fire bat (D)
  Duvessa (D)
  2 sky beasts (D)
  An ice beast (D)
  A wolf (D)
  An ogre (D)
  2 scorpions (D)
  Dowan (D)
  A gnoll (D)
  A river rat (D)
  An adder skeleton (D)
  An orc (D)
  2 endoplasms (D)
  A kobold (D)
  A quokka (D)
  A ball python (D)
  A ball python zombie (D)
  2 rats (D)
32 creatures vanquished.

Vanquished Creatures (collateral kills)
  2 blink frogs (D)
  A snapping turtle (D)
  A frilled lizard (D)
4 creatures vanquished.

Vanquished Creatures (others)
  A shadow (D)
  A giant cockroach (D)
2 creatures vanquished.

Grand Total: 38 creatures vanquished

Notes
Turn   | Place    | Note
-------+----------+-------------------------------------------
     0 | D        | boopmooplesden the Minotaur Berserker began the quest for
                  | the Orb.
     0 | D        | Reached XP level 1. HP: 19/19 MP: 0/0
     9 | D        | Noticed a scorpion
    15 | D        | Killed a scorpion
    16 | D        | Reached XP level 2. HP: 27/31 MP: 1/1
    16 | D        | Reached XP level 3. HP: 34/38 MP: 2/2
    47 | D        | Found a glowing golden altar of the Shining One.
    47 | D        | Found a glowing silver altar of Zin.
    47 | D        | Found a basalt altar of Yredelemnul.
    47 | D        | Found a shimmering altar of Xom.
    47 | D        | Found an ornate altar of the Wu Jian Council.
    47 | D        | Found a bloodstained altar of Trog.
    47 | D        | Found a shimmering blue altar of Sif Muna.
    47 | D        | Found a sacrificial altar of Ru.
    47 | D        | Found a stormy altar of Qazlal.
    47 | D        | Found an iron altar of Okawaru.
    47 | D        | Found a sparkling altar of Nemelex Xobeh.
    47 | D        | Found a burning altar of Makhleb.
    47 | D        | Found a viscous altar of Jiyva.
    47 | D        | Found a hazy altar of Hepliaklqana.
    47 | D        | Found an opulent altar of Gozag.
    47 | D        | Found a blossoming altar of Fedhas.
    47 | D        | Found a white marble altar of Elyvilon.
    47 | D        | Found a shadowy altar of Dithmenos.
    47 | D        | Found a snail-covered altar of Cheibriados.
   141 | D        | Reached ** piety under Trog
   363 | D        | Reached XP level 4. HP: 45/45 MP: 3/3
   372 | D        | Noticed a sky beast
   373 | D        | Reached *** piety under Trog
   385 | D        | Killed a sky beast
   386 | D        | Reached XP level 5. HP: 13/56 MP: 4/4
   698 | D        | Noticed an ice beast
   707 | D        | Killed an ice beast
   707 | D        | Reached **** piety under Trog
   708 | D        | Reached skill level 10 in Axes
   708 | D        | Reached skill level 5 in Dodging
   709 | D        | Noticed a wolf
   719 | D        | Killed a wolf
   720 | D        | Reached skill level 10 in Fighting
   720 | D        | Reached skill level 5 in Armour
   720 | D        | Reached XP level 6. HP: 56/67 MP: 5/5
   727 | D        | Noticed a sky beast
   741 | D        | Killed a sky beast
   748 | D        | Reached ***** piety under Trog
  1010 | D        | Noticed a fire bat
  1013 | D        | Killed a fire bat
  1014 | D        | Reached XP level 7. HP: 67/77 MP: 6/6
  1015 | D        | Noticed a tyrant leech
  1025 | D        | Killed a tyrant leech
  1195 | D        | Noticed Duvessa
  1195 | D        | Noticed Dowan
  1202 | D        | Killed Duvessa
  1204 | D        | Received a gift from Trog
  1207 | D        | Killed Dowan
  1209 | D        | Reached XP level 8. HP: 86/86 MP: 7/7
  1217 | D        | Noticed a snapping turtle
  1226 | D        | Killed a snapping turtle
  1360 | D        | Gained mutation: Your flesh is heat resistant. (rF+)
                  | [potion of mutation]
  1360 | D        | Gained mutation: Your magical capacity is low. (-10% MP)
                  | [potion of mutation]
  1360 | D        | Gained mutation: You are agile. (Dex +4, Str/Int -1)
                  | [potion of mutation]
  1415 | D        | Noticed a blink frog
  1415 | D        | Noticed a blink frog
  1415 | D        | Noticed a blink frog
  1415 | D        | Noticed a blink frog
  1415 | D        | Noticed a bog body
  1415 | D        | Noticed a blink frog
  1423 | D        | Killed a blink frog
  1423 | D        | Received a gift from Trog
  1426 | D        | Killed a bog body
  1428 | D        | Killed a blink frog
  1429 | D        | Reached skill level 15 in Axes
  1429 | D        | Reached XP level 9. HP: 80/96 MP: 2/7
  1440 | D        | Reached skill level 5 in Polearms
  1440 | D        | Reached skill level 10 in Armour
  1708 | D        | Noticed a gargoyle
  1709 | D        | Noticed an elephant
  1709 | D        | Noticed an elephant
  1709 | D        | Noticed an elephant
  1709 | D        | Noticed an elephant
  1711 | D        | Noticed a deep elf zephyrmancer
  1716 | D        | Killed a gargoyle
  1717 | D        | Reached skill level 15 in Fighting
  1718 | D        | Killed an elephant
  1724 | D        | Killed an elephant
  1726 | D        | Killed an elephant
  1732 | D        | Killed an elephant
  1733 | D        | Reached skill level 10 in Polearms
  1733 | D        | Reached XP level 10. HP: 26/106 MP: 2/8
  1735 | D        | HP: 2/106 [deep elf zephyrmancer/bolt of lightning (29)]
  1736 | D        | Killed from afar by a deep elf zephyrmancer

Illustrated notes

Levels and vault maps discovered:
D:        pitsprint [storerooms_1, entrance_room_1, metal_vault_4, armoury_2,
          mini_pit_1, grid_room_1, main_hall_1, silver_pit, the_coven_1,
          the_vestibule_1, steel_vault_5, golden_pit, hallway_of_sentries,
          crystal_vault_5, iron_vault_4, final_vault]

Skill      XL: |  1  2  3  4  5  6  7  8  9 |
---------------+----------------------------+-----
Fighting       | 6 8 10 12 13 14 15 | 15.5
Axes           | 6 8 10 12 13 15 | 15.5
Armour         | 3 4 5 6 7 9 12 | 12.6
Dodging        | 3 4 5 6 7 8 |  8.9
Polearms       | 4 10 | 10.1
Stealth        | |  0.5

Action                   |  1- 3 |  4- 6 |  7- 9 | 10-12 || total
-------------------------+-------+-------+-------+-------++-------
Melee: Hand axe          |    11 |    42 |    19 |       ||    72
       Headbutt          |     1 |     9 |    13 |       ||    23
       Glaive            |       |       |    42 |     3 ||    45
Invok: Berserk           |     1 |     1 |     4 |       ||     6
       Trog's Hand       |       |       |     2 |     1 ||     3
       Brothers in Arms  |       |       |     2 |       ||     2
  Use: Potion            |       |       |     2 |       ||     2
Armor: Animal skin       |     3 |     2 |       |       ||     5
       Plate armour      |       |    24 |    39 |     1 ||    64
Dodge: Dodged            |    14 |    12 |    36 |     1 ||    63
